 Dungeon Crawl Stone Soup version 0.28-a0-851-g8b9cc49659 (webtiles) character file.

Game seed: 16860308793054705874

1234 ragingrage the Nimble (level 8, -5/67 HPs)
             Began as a Merfolk Brigand on Nov 14, 2021.
             Was an Initiate of Okawaru.
             Slain by a phantom (6 damage)
             ... on level 6 of the Dungeon.
             The game lasted 00:07:14 (6136 turns).

ragingrage the Nimble (Merfolk Brigand)             Turns: 6136, Time: 00:07:15

Health: -5/67      AC:  3    Str: 13    XL:     8   Next: 48%
Magic:  0/8        EV: 20    Int: 10    God:    Okawaru [......]
Gold:   200        SH:  0    Dex: 16    Spells: 7/7 levels left

rFire   . . .      SeeInvis .   n - +5 dagger (drain)
rCold   + . .      Faith    .   (no shield)
rNeg    . . .      Spirit   +   e - +0 robe {rC+}
rPois   .          Reflect  .   (no helmet)
rElec   .          Harm     .   c - +0 cloak
rCorr   .          Rampage  .   (no gloves)
Will    .....                   (no boots)
Stlth   +++.......              j - amulet of guardian spirit
HPRegen 0.21/turn               k - +4 ring of evasion
MPRegen 0.11/turn               (no ring)

@: no status effects
A: (nimble swimmer 2), mertail
a: Renounce Religion


You were on level 6 of the Dungeon.
You worshipped Okawaru.
Okawaru was noncommittal.
You visited 2 branches of the dungeon, and saw 8 of its levels.

You collected 200 gold pieces.

Inventory:

Hand Weapons
 n - a +5 dagger of draining (weapon)
 q - a +0 vorpal halberd
Missiles
 b - 2 curare-tipped darts
 d - 36 poisoned darts (quivered)
 p - 2 throwing nets
Armour
 c - a +0 cloak (worn)
 e - a +0 robe of cold resistance (worn)
Jewellery
 j - an amulet of guardian spirit (around neck)
 k - a +4 ring of evasion (left hand)
Wands
 m - a wand of acid (7)
Scrolls
 g - a scroll of magic mapping {unknown}
 i - 5 scrolls of teleportation
 o - a scroll of fog
 r - 3 scrolls of identify
 s - a scroll of fear {unknown}
 u - a scroll of vulnerability {unknown}
Potions
 a - a potion of flight
 f - a potion of might {unknown}
 h - 2 potions of mutation
 l - a potion of attraction
 t - a potion of heal wounds {unknown}


   Skills:
 + Level 7.3 Fighting
 - Level 2.4 Short Blades
 + Level 5.5 Polearms
 - Level 2.0 Throwing
 + Level 8.4 Dodging
 - Level 4.3 Stealth


You had 7 spell levels left.
You didn't know any spells.
Your spell library was empty.

Dungeon Overview and Level Annotations

Branches:
Dungeon (7/15)             Temple (1/1) D:4

Altars:
Cheibriados
Dithmenos
Fedhas
Hepliaklqana
Nemelex Xobeh
Okawaru
Ru
Sif Muna
Trog
Wu Jian
Zin
The Shining One


Innate Abilities, Weirdness & Mutations

((You are quick and stealthy near water. (Stealth+, EV+, Speed+++)))
Your lower body shifts to a powerful aquatic tail in water.


Message History

An ufetubus is nearby!
You start resting.
An ufetubus is nearby!
You start resting.
An ufetubus is nearby!
You climb downwards.
You hear the roar of battle.
There is an entrance to a bailey on this level.
Hurry and find it before the portal closes forever!
You hear the creaking of a very distant portcullis.
The orc warrior closely misses you. The orc misses you.
An orc wizard comes into view. It is wielding a +0 dagger.
The gnoll closely misses you.
An orc comes into view. It is wielding a +0 short sword.
The orc warrior hits you with a +0 flail!!
The orc closely misses you.
There is a stone staircase leading up, spattered with blood here.
The gnoll hits you from afar with a +0 halberd!
The orc barely misses you. The orc warrior closely misses you.
The gnoll sergeant hits you with a +0 trident!
* * * LOW HITPOINT WARNING * * *
You climb upwards.
There is a stone staircase leading down here.
Unknown command.
Found 5 gold pieces.
A phantom comes into view.
The orc warrior hits you with a +0 flail!
* * * LOW HITPOINT WARNING * * *
The gnoll sergeant misses you.
The gnoll sergeant hits you from afar with a +0 trident!
* * * LOW HITPOINT WARNING * * *
You hit the phantom.
The phantom is lightly damaged.
The phantom hits you but does no damage.
The orc warrior hits you with a +0 flail.
* * * LOW HITPOINT WARNING * * *
The orc closely misses you.
The phantom hits you but does no damage.
The gnoll sergeant completely misses you.
The phantom hits you.
You die...

.. .... . ...## #.
...... .####......
...#......
#####.........
####....W?.......
#......o.@()#
#......o.........
#..†>.g..........
##.....#....$..##
##.....##........#
#.......#.........
#..................
#........(..........
#....#........


You could see an orc warrior, a phantom, a gnoll sergeant and an orc.

Vanquished Creatures
  Sigmund (D:3)
  Menkaure (D:3)
  2 ogres
  A centaur (D:7)
  A bullfrog (D:3)
  3 hounds
  A bullfrog skeleton (D:4)
  A gnoll shaman (D:5)
  An orc priest (D:5)
  A centaur skeleton (D:5)
  Ijyb (D:3)
  Natasha (thrice) (D:3)
  An iguana (D:5)
  3 orc wizards (D:3)
  A hound skeleton (D:5)
  Robin (D:3)
  2 adders
  7 gnolls
  A white imp (D:7)
  2 adder skeletons
  A dart slug (D:1)
  19 orcs
  11 bats
  6 endoplasms
  6 giant cockroaches
  10 goblins
  4 hobgoblins
  4 jackals
  3 kobolds
  2 quokkas
  8 ball pythons
  A frilled lizard (D:1)
  5 rats
115 creatures vanquished.

Vanquished Creatures (others)
  2 plants (D:5)
2 creatures vanquished.

Grand Total: 117 creatures vanquished

Notes
Turn   | Place    | Note
-------+----------+-------------------------------------------
     0 | D:1      | ragingrage the Merfolk Brigand began the quest for the Orb.
     0 | D:1      | Reached XP level 1. HP: 16/16 MP: 1/1
    52 | D:1      | Reached skill level 2 in Dodging
   132 | D:1      | Reached XP level 2. HP: 23/23 MP: 2/2
   756 | D:2      | Reached XP level 3. HP: 29/29 MP: 3/3
   817 | D:2      | Reached skill level 3 in Dodging
  1051 | D:2      | Reached XP level 4. HP: 24/36 MP: 4/4
  1630 | D:3      | Noticed Robin
  1634 | D:3      | Reached skill level 4 in Dodging
  1773 | D:3      | Reached XP level 5. HP: 42/42 MP: 5/5
  1786 | D:3      | Noticed Ijyb
  1797 | D:3      | Noticed Sigmund
  1802 | D:3      | Killed Ijyb
  2394 | D:3      | Killed Sigmund
  2395 | D:3      | Reached skill level 5 in Fighting
  2395 | D:3      | Reached skill level 6 in Dodging
  2395 | D:3      | Reached XP level 6. HP: 35/51 MP: 6/6
  2587 | D:3      | Noticed Natasha
  2593 | D:3      | Killed Natasha
  2627 | D:3      | Found a shimmering blue altar of Sif Muna.
  2735 | D:3      | Noticed Natasha
  2738 | D:3      | Killed Robin
  2759 | D:3      | Killed Natasha
  2966 | D:3      | Reached XP level 7. HP: 33/57 MP: 7/7
  3236 | D:3      | Reached skill level 1 in Polearms
  3242 | D:3      | Noticed Natasha
  3508 | D:3      | Killed Natasha
  3714 | D:4      | Noticed Menkaure
  3907 | D:3      | Killed Menkaure
  3908 | D:3      | Reached skill level 7 in Dodging
  4446 | D:4      | Found a staircase to the Ecumenical Temple.
  4458 | Temple   | Entered the Ecumenical Temple
  4543 | Temple   | Became a worshipper of Warmaster Okawaru
  5029 | D:5      | Entered Level 5 of the Dungeon
  5100 | D:5      | Reached XP level 8. HP: 65/65 MP: 8/8
  5444 | D:5      | Reached skill level 8 in Dodging
  5651 | D:5      | Reached skill level 5 in Polearms
  5921 | D:5      | You fall into a shaft and drop 1 floor!
  6133 | D:6      | HP: 1/67 [gnoll sergeant (11)]
  6136 | D:6      | Slain by a phantom

Illustrated notes

Levels and vault maps discovered:
D:1:      psy_arrival_terrarium, layout_loops_ring
D:2:      layout_loops_ring
D:3:      layout_basic, led_sif_book, uniq_sigmund, uniq_robin, uniq_ijyb,
          uniq_natasha
D:4:      layout_basic, minmay_temple_entry_ruins, uniq_menkaure
D:5:      layout_cave_pools, serial_bayou, serial_bayou_lagoon_b,
          serial_bayou_pond_a, serial_bayou_shore_b, serial_bayou_crossing,
          amethyst_killhole, grunt_ministairs_10
D:6:      layout_cave_pools, uniq_pikel, uniq_edmund
D:7:      cheibrodos_wizards_tower, layout_cave_pools, serial_gnoll_camp,
          gnoll_camp_huts_basic, gnoll_camp_mini_basic, gnoll_camp_mini_hut,
          grums_kennel, enter_bailey_6, serial_bayou_pond_d, minivault_25
Temple:   mainiacjoe_temple_hex_bubbles

Skill      XL: |  1  2  3  4  5  6  7  8 |
---------------+-------------------------+-----
Dodging        | 2 3 4 6 7 8 |  8.4
Fighting       | 3 4 5 6 7 |  7.3
Polearms       | 3 5 |  5.5
Short Blades   | |  2.4
Throwing       | |  2.0
Stealth        | |  4.3

Action                   |  1- 3 |  4- 6 |  7- 9 || total
-------------------------+-------+-------+-------++-------
Melee: Dagger            |    84 |   150 |   163 ||   397
       Tailslap          |       |       |     5 ||     5
Throw: Dart              |       |     9 |     7 ||    16
  Use: Potion            |       |     2 |     1 ||     3
       Scroll            |       |       |     5 ||     5
 Stab: Sleeping          |     8 |     6 |     4 ||    18
Armor: Robe              |    23 |    31 |    16 ||    70
       Skin              |       |    10 |       ||    10
Dodge: Dodged            |    61 |   138 |   191 ||   390

Table legend: (Time is in decaauts)
 A = Elapsed time spent in this place.
 B = Non-inter-level travel time spent in this place.
 C = Inter-level travel time spent in this place.
 D = Time resting spent in this place.
 E = Time spent auto-exploring this place.
 F = Levels seen in this place.
 G = Mean time per level.
                   A        B        C        D        E       F      G
               +--------+--------+--------+--------+--------+-----+--------+
         Total |   6085 |   5722 |    363 |   1522 |   3163 |   8 |  760.6 |
       Dungeon |   5949 |   5639 |    310 |   1522 |   3082 |   7 |  849.9 |
        Temple |    135 |     82 |     53 |      0 |     81 |   1 |  135.0 |
               +--------+--------+--------+--------+--------+-----+--------+

Top non-repeatable levels by time:
     D:3: 2327 daAuts
     D:2: 1023 daAuts
     D:4: 832 daAuts
     D:5: 812 daAuts
     D:1: 739 daAuts
  Temple: 135 daAuts
     D:6: 117 daAuts
     D:7: 96 daAuts
